 Dungeon Crawl Stone Soup version 0.20-a0-1127-g1289703 (webtiles) character file.

1204 Klosterheim the Jinx (level 8, 0/31 HPs)
             Began as a Felid Conjurer on May 15, 2017.
             Was a Priest of Sif Muna.
             Slain by a centaur (2 damage)
             ... on level 9 of the Dungeon on May 18, 2017.
             The game lasted 00:35:58 (15314 turns).

Klosterheim the Jinx (Felid Conjurer)              Turns: 15314, Time: 00:36:00

Health: 0/31       AC:  2    Str:  4    XL:     8   Next: 21%
Magic:  38/38      EV: 23    Int: 21    God:    Sif Muna [***...]
Gold:   498        SH:  0    Dex: 16    Spells: 4/22 levels left
                                        Lives:  0   Deaths: 3

rFire    . . .     SeeInvis +   (weapon unavailable)
rCold    + . .     Gourm    .   (shield unavailable)
rNeg     + . .     Faith    .   (armour unavailable)
rPois    .         Spirit   .   (helmet unavailable)
rElec    .         Reflect  .   (cloak unavailable)
rCorr    .         Harm     .   (gloves unavailable)
MR       ++...                  (boots unavailable)
Stlth    ++++......             (no amulet)
Regen    0.1/turn               k - ring of magical power
MPRegen  0.3/turn               s - ring of Axofede {*Corrode rC+ rN+ MR+ MP+9}

@: divine energy, quick
A: no armour, no weapons or thrown items, stealth, claws 1, fangs 3, see
invisible, carnivore 3, speed 1, shaggy fur 2, slow metabolism 1, sharp paws
a: Stop Divine Energy, Channel Magic, Renounce Religion


You were on level 9 of the Dungeon.
You worshipped Sif Muna.
Sif Muna was most pleased with you.
You were full.

You visited 3 branches of the dungeon, and saw 11 of its levels.

You collected 498 gold pieces.

Inventory:

Jewellery
 k - a ring of magical power (left paw)
 s - the ring of Axofede (right paw) {*Corrode rC+ rN+ MR+ MP+9}
   (You found it on level 4 of the Dungeon)

   [ring of magical power]

   It protects you from cold.
   It protects you from negative energy.
   It affects your resistance to hostile enchantments.
   It affects your magic capacity (+9).
   It may corrode you when you take damage.
Wands
 r - a wand of polymorph (9/24)
 u - a wand of iceblast (7/15)
 w - a wand of random effects (19/48)
 x - a wand of digging (15/24)
 B - a wand of clouds (3/9)
 D - a wand of flame (24/48)
Scrolls
 d - 2 scrolls of blinking
 e - a scroll of summoning
 f - 2 scrolls of remove curse
 j - a scroll of enchant armour {unknown}
 l - 9 scrolls of identify
 m - 4 scrolls of teleportation
 y - a scroll of holy word {unknown}
 A - a scroll of magic mapping {unknown}
Potions
 c - a potion of haste {unknown}
 g - 3 potions of brilliance {unknown}
 i - a potion of heal wounds
 n - 2 potions of flight
 o - 9 potions of curing
 p - 3 potions of lignification
 q - a potion of agility {unknown}
 t - a potion of magic {unknown}
 v - a potion of mutation {unknown}
 z - a potion of resistance {unknown}
Books
 a - a book of Conjurations

   Spells                             Type                      Level
   a - Magic Dart                     Conjuration                  1
   b - Searing Ray                    Conjuration                  2
   c - Dazzling Spray                 Conjuration/Hexes            3
   d - Fulminant Prism                Conjuration/Hexes            4
   e - Force Lance                    Conjuration/Translocation    4
   f - Iskenderun's Mystic Blast      Conjuration                  4
 C - a book of Party Tricks

   Spells                             Type                      Level
   a - Summon Butterflies             Summoning                    1
   b - Apportation                    Translocation                1
   c - Lesser Beckoning               Translocation                3
   d - Tukima's Dance                 Hexes                        3
   e - Alistair's Intoxication        Transmutation/Poison         5
   f - Invisibility                   Hexes                        6
Comestibles
 b - 7 meat rations
 h - 2 royal jellies


   Skills:
 - Level 7.2 Dodging
 - Level 7.0 Stealth
 + Level 7.7 Spellcasting
 - Level 9.1 Conjurations
 * Level 11.6 Hexes


You had 4 spell levels left.
You knew the following spells:

 Your Spells              Type           Power        Failure   Level  Hunger
a - Magic Dart            Conj           ####         1%          1    None
b - Dazzling Spray        Conj/Hex       ######       1%          3    None
c - Fulminant Prism       Conj/Hex       ######....   1%          4    ###....
d - Invisibility          Hex            ######..     11%         6    ######.
e - Iskenderun's Mystic   Conj           #####...     1%          4    ###....


Dungeon Overview and Level Annotations

Branches:
Dungeon (9/15)             Temple (1/1) D:5            Lair (1/6) D:9
    Orc: D:9-12

Altars:
Ashenzari
Cheibriados
Dithmenos
Elyvilon
Fedhas
Gozag
Hepliaklqana
Kikubaaqudgha
Makhleb
Nemelex Xobeh
Okawaru
Qazlal
Ru
Sif Muna
Trog
Uskayaw
Vehumet
Wu Jian
Xom
Yredelemnul
Zin
The Shining One

Shops:
D:4 [   D:6 (


Innate Abilities, Weirdness & Mutations

You cannot wear armour.
You are incapable of wielding weapons or throwing items.
Your paws allow you to move quietly. (Stealth)
You have sharp claws.
You have razor-sharp teeth.
You have supernaturally acute eyesight. (SInv)
You are carnivorous and can eat meat at any time.
You cover ground quickly.
You are covered in thick fur. (AC +2)
You have a slow metabolism.
Your sharp claws are effective at attacking unaware monsters.


Message History

You butcher the felid corpse of Klosterheim.
E - 2 chunks of flesh You see here an arrow. x2
Eating one of 2 chunks of flesh.
You eat one of the 2 chunks of flesh.
This raw flesh tastes great.
Eating a chunk of flesh.
You eat the chunk of flesh.
This raw flesh tastes great.
The centaur shoots an arrow.
The arrow hits you!
The jackal barks!
You see here an arrow.
There are monsters nearby!
There are monsters nearby!
The centaur shoots an arrow.
The arrow completely misses you.
The centaur shoots an arrow.
The arrow hits you!
The centaur shoots an arrow.
The arrow hits you!
* * * LOW HITPOINT WARNING * * *
The centaur shoots an arrow.
The arrow completely misses you.
The centaur unwields an uncursed shortbow.
The centaur hits you.
You die...

#.### ##....≈).≈.≈≈≈≈.. #...#
####...≈.≈≈.≈.≈≈≈.≈≈ ###.#
#.......≈≈≈≈≈.≈≈≈≈.. #.#
#.##....≈≈≈≈≈(≈)≈... #.#
#.##.....≈≈≈≈.≈≈.≈≈. #.#
#†##.....≈≈≈....≈≈≈. #.#
##h##....≈≈≈.≈.≈≈≈≈≈≈ #.#
#..c#....≈≈≈.≈..≈≈≈≈≈ #.#
.>.#.@..≈..≈......≈≈≈≈ #.#
#.##...#....≈≈.≈.>.≈≈≈≈≈ #.#
#.###.###...≈≈≈....≈≈≈≈≈ #.# #.#
#....#.≈≈≈≈.≈.≈.≈≈≈≈ #.# #.#
#..#.....≈≈≈≈≈≈≈≈≈≈≈ #.# #.#
#.#....(≈≈≈≈≈≈≈≈≈.. #.# #.#
#.....≈≈≈≈≈.≈≈≈≈≈..
#.####.####..........≈≈≈≈≈≈≈.
#####.........>.....≈..≈.≈.......


You could see a centaur and a jackal.

Vanquished Creatures
  A centaur warrior (D:9)
  Pikel (D:5)
  A spiny frog (D:9)
  2 trolls
  A hippogriff (D:7)
  A wyvern (D:8)
  4 yaks (D:9)
  2 sky beasts
  A black bear (D:7)
  An orc warrior (D:9)
  A slave (D:4)
  2 ice beasts
  An eye of draining (D:9)
  2 phantoms
  3 wolves (D:9)
  2 ogres
  5 centaurs
  3 bullfrogs
  2 scorpions (D:9)
  3 wights (D:6)
  An electric eel (D:9)
  3 howler monkeys
  3 crimson imps
  A centaur zombie (D:8)
  3 jellies
  2 quasits
  7 hounds
  9 orc wizards
  4 orc priests
  A bullfrog skeleton (D:5)
  5 worker ants
  An iguana (D:6)
  A killer bee zombie (D:8)
  2 hound skeletons
  2 worker ant zombies (D:6)
  4 gnolls
  12 adders
  6 shadow imps
  An adder zombie (D:7)
  An ooze (D:3)
  An adder skeleton (D:5)
  2 worms
  3 dart slugs (D:1)
  10 leopard geckos
  44 orcs
  2 ball pythons (D:4)
  6 bats
  A bat zombie (D:7)
  8 giant cockroaches
  9 goblins
  3 hobgoblins
  10 jackals
  6 quokkas
  4 frilled lizards
  A jackal skeleton (D:5)
  5 kobolds
  A leopard gecko skeleton (D:5)
  A leopard gecko zombie (D:5)
  A quokka skeleton (D:5)
  5 rats
  A rat zombie (D:7)
232 creatures vanquished.

Vanquished Creatures (others)
  2 orcs (D:5)
  22 fulminant prisms
24 creatures vanquished.

Grand Total: 256 creatures vanquished

Notes
Turn   | Place    | Note
-------+----------+-------------------------------------------
     0 | D:1      | Klosterheim the Felid Conjurer began the quest for the Orb.
     0 | D:1      | Reached XP level 1. HP: 7/7 MP: 4/4
   239 | D:1      | Reached XP level 2. HP: 3/11 MP: 0/6
  1026 | D:1      | Reached XP level 3. HP: 14/14 MP: 5/7
  1123 | D:1      | Learned a level 3 spell: Dazzling Spray
  1441 | D:2      | Found a sacrificial altar of Ru.
  1805 | D:2      | Reached XP level 4. HP: 18/18 MP: 1/8
  1879 | D:2      | Reached skill level 5 in Conjurations
  3110 | D:2      | Reached XP level 5. HP: 11/21 MP: 1/9
  4709 | D:4      | Noticed an ice beast
  4784 | D:4      | Got a warped golden ring
  4785 | D:4      | Identified the ring of Axofede {*Corrode rC+ rN+ MR+ MP+9} (You found it on level 4 of the Dungeon)
  4987 | D:4      | Gained mutation: You are covered in thick fur. (AC +2) [Felid growth]
  4987 | D:4      | Reached XP level 6. HP: 24/24 MP: 11/11
  5056 | D:4      | Killed an ice beast
  6043 | D:4      | Reached XP level 7. HP: 27/27 MP: 13/13
  6158 | D:4      | Found Plog's Armour Shop.
  6199 | D:5      | Entered Level 5 of the Dungeon
  6284 | D:5      | Reached skill level 2 in Hexes
  6457 | D:5      | Found an ornate altar of the Wu Jian Council.
  6799 | D:5      | Reached skill level 3 in Hexes
  6910 | D:5      | Found a glowing silver altar of Zin.
  7004 | D:5      | Noticed Pikel
  7322 | D:5      | Killed Pikel
  7322 | D:5      | Reached skill level 6 in Hexes
  7322 | D:5      | Reached XP level 8. HP: 29/31 MP: 3/16
  7328 | D:5      | Learned a level 4 spell: Fulminant Prism
  7485 | D:5      | Found a staircase to the Ecumenical Temple.
  7504 | Temple   | Entered the Ecumenical Temple
  7664 | Temple   | Became a worshipper of Sif Muna the Loreminder
  7935 | D:6      | Reached skill level 7 in Hexes
  8168 | D:6      | Found Imecwaa's Antique Weapon Boutique.
  8172 | D:6      | Found a hide-covered altar of Uskayaw.
  8277 | D:6      | Reached skill level 5 in Spellcasting
  8667 | D:6      | Reached * piety under Sif Muna
  8822 | D:5      | Upgraded the game from 0.20-a0-1124-g2e29d97 to 0.20-a0-1127-g1289703
  9429 | D:7      | Noticed a hippogriff
  9436 | D:7      | Killed a hippogriff
  9672 | D:7      | Reached XP level 9. HP: 34/34 MP: 18/18
  9737 | D:7      | Reached skill level 5 in Stealth
 10266 | D:7      | Found an ancient bone altar of Kikubaaqudgha.
 10616 | D:7      | Found a glowing golden altar of the Shining One.
 11356 | D:8      | Reached skill level 5 in Dodging
 11528 | D:8      | Reached ** piety under Sif Muna
 12158 | D:9      | Noticed a centaur warrior
 12573 | D:9      | Noticed a troll
 12580 | D:9      | Killed a troll
 12604 | D:9      | Slain by a wolf
 12605 | D:9      | Reached XP level 8. HP: 0/31 MP: 1/36
 12627 | D:9      | Found a shadowy altar of Dithmenos.
 12730 | D:9      | Learned a level 6 spell: Invisibility
 12735 | D:9      | Learned a level 4 spell: Iskenderun's Mystic Blast
 12946 | D:9      | Reached XP level 9. HP: 32/34 MP: 20/20
 13042 | D:9      | Killed a centaur warrior
 13042 | D:9      | Reached skill level 8 in Hexes
 13328 | D:9      | Reached *** piety under Sif Muna
 13328 | D:9      | Reached skill level 9 in Hexes
 13833 | D:9      | Noticed a troll
 13990 | D:9      | Reached skill level 10 in Hexes
 14119 | D:9      | HP: 1/34 [centaur/arrow (13)]
 14457 | D:8      | Killed a troll
 14633 | D:8      | Reached XP level 10. HP: 34/37 MP: 22/22
 14765 | D:9      | Reached skill level 11 in Hexes
 14801 | D:9      | Found a blossoming altar of Fedhas.
 14985 | D:9      | Found a staircase to the Lair.
 15092 | Lair:1   | Entered Level 1 of the Lair of Beasts
 15092 | Lair:1   | Noticed a spiny frog
 15092 | Lair:1   | Noticed a spiny frog
 15105 | D:9      | Killed a spiny frog
 15158 | D:9      | HP: 1/37 [centaur/arrow (9)]
 15162 | D:9      | Shot with an arrow by a centaur
 15163 | D:9      | Reached XP level 9. HP: -7/34 MP: 17/39
 15290 | D:9      | HP: 1/34 [jackal (3)]
 15291 | D:9      | Slain by a jackal
 15292 | D:9      | Reached XP level 8. HP: 0/31 MP: 38/38
 15314 | D:9      | Slain by a centaur

Vault maps used:
D:1:      lightli_arrival_boilingwater
D:2:      nicolae_ru_great_annihilating_truth
D:3:      serial_forest, infiniplex_forest_clump_curved,
          infiniplex_forest_end_2, infiniplex_forest_lined_corner,
          infiniplex_forest_clump_double, infiniplex_forest_end_1,
          infiniplex_forest_clump_tiny, infiniplex_forest_straight_4,
          infiniplex_forest_straight_4, infiniplex_forest_end_3
D:4:      first_bread, serial_shops, nicolae_shop_trees
D:5:      nicolae_overflow_crystal_walls, minmay_temple_entry_statues_pillars,
          basic_altar, uniq_pikel
D:6:      eat_drink_and_be_merry_uskayaw, serial_shops, nicolae_shop_stone,
          nicolae_ossuary_entry_false_entrances, feat_on_display
D:7:      minmay_klotski, lemuel_zombie_altar_kikubaaqudgha,
          nicolae_tso_swordbearing_angel, grunt_ogre_cave
D:9:      nicolae_dithmenos_the_darkroom, erik_lair_island, lemuel_centaur_altar
Temple:   minmay_crystal_spiral_temple
Lair:1:   uniq_erica

Skill      XL: |  1  2  3  4  5  6  7  8  9 10 |
---------------+-------------------------------+-----
Conjurations   | 4 5 6 7 8 9 |  9.1
Stealth        | 3 4 7 6 |  7.0
Spellcasting   | 3 4 5 7 |  7.7
Hexes          | 6 7 10 11 | 11.6
Dodging        | 6 7 |  7.2

Action                   |  1- 3 |  4- 6 |  7- 9 | 10-12 || total
-------------------------+-------+-------+-------+-------++-------
Melee: Unarmed           |     9 |    24 |    11 |       ||    44
       Bite              |     1 |     6 |       |       ||     7
 Cast: Magic Dart        |    65 |   184 |   284 |    27 ||   560
       Dazzling Spray    |     1 |    31 |   125 |     5 ||   162
       Fulminant Prism   |       |       |    22 |       ||    22
       Iskenderun's Myst |       |       |    36 |    14 ||    50
       Invisibility      |       |       |     1 |     2 ||     3
Invok: Divine Energy     |       |       |     1 |       ||     1
  Use: Scroll            |       |       |    15 |       ||    15
       Potion            |       |       |     1 |       ||     1
  Eat: Chunk             |     9 |    13 |    30 |     6 ||    58
Armor: Skin              |     2 |     1 |    20 |       ||    23
Dodge: Dodged            |    16 |    46 |   250 |    19 ||   331
